 Dungeon Crawl Stone Soup version 0.31-a0-626-g8143ab4f1d (webtiles) character file.

Game seed: 10098505979193910805

1180 Newt the Fighter (level 8, -3/54 HPs)
             Began as a Gargoyle Fighter on Aug 24, 2023.
             Slain by an ogre
             ... wielding a +0 giant spiked club
              (18 damage)
             ... on level 5 of the Dungeon.
             The game lasted 00:05:51 (4190 turns).

Newt the Fighter (Gargoyle Fighter)                 Turns: 4190, Time: 00:05:52

Health: -3/54      AC: 16    Str: 21    XL:     8   Next: 42%
Magic:  11/11      EV:  9    Int: 10    God:
Gold:   292        SH:  6    Dex:  9    Spells: 11/11 levels left

rFire   . . .        y - +1 whip (elec)
rCold   . . .        c - +1 buckler
rNeg    + . .        b - +0 scale mail
rPois   ∞            (no helmet)
rElec   +            (no cloak)
rCorr   .            (no gloves)
SInv    .            w - +2 pair of boots
Will    .....        h - amulet of the acrobat Stlth
                     f - ring of wizardry
HPRegen 0.29/turn    p - ring of wizardry
MPRegen 0.12/turn

%: acrobat, wizardry (x2)
@: no status effects
A: sickness immunity, AC +5, negative energy resistance 1, electricity
resistance, torment resistance 1, petrification resistance
a: no special abilities


You were on level 5 of the Dungeon.
You visited 1 branch of the dungeon, and saw 5 of its levels.

You collected 292 gold pieces.

Inventory:

Hand Weapons
 a - a +0 flail
 m - a +1 whip of draining
 r - a +2 halberd of venom
 y - a +1 whip of electrocution (weapon)
Missiles
 o - 10 poisoned darts
 z - 2 throwing nets
 B - 5 boomerangs
Armour
 b - a +0 scale mail (worn)
 c - a +1 buckler (worn)
 j - an orb of energy
 w - a +2 pair of boots (worn)
Jewellery
 f - a ring of wizardry (left hand)
 h - an amulet of the acrobat (around neck)
 l - a +4 ring of protection
 p - a ring of wizardry (right hand)
 u - a ring of see invisible
Scrolls
 k - a scroll of revelation
 n - a scroll of summoning
 t - 5 scrolls of teleportation
 x - 3 scrolls of vulnerability
 D - a scroll of immolation
Potions
 d - a potion of might
 e - a potion of haste
 g - 5 potions of curing
 i - 2 potions of brilliance
 q - 2 potions of enlightenment
 s - 2 potions of degeneration
 v - a potion of magic
 A - a potion of invisibility {unknown}
 C - a potion of ambrosia {unknown}


   Skills:
 - Level 8.0 Fighting
 - Level 4.0 Maces & Flails
 - Level 5.0 Armour
 - Level 6.0 Shields
 + Level 2.0 Spellcasting


You had 11 spell levels left.
You didn't know any spells.
Your spell library contained the following spells:

 Spells                   Type           Power      Damage    Failure   Level
 Shock                    Conj/Air       4%         1d3       24%         1
 Swiftness                Air            1%         N/A       54%         3
 Vhi's Electric Charge    Tloc/Air       2%         N/A       54%         3
 Airstrike                Air            0%         2d(1-17)  90%         4
 Arcjolt                  Conj/Air       0%         1d10      99%         5
 Plasma Beam              Fire/Air       0%         2x1d10    100%        6


Dungeon Overview and Level Annotations

Branches:
Dungeon (5/15)
 Temple: D:4-7

Altars:
Sif Muna
Yredelemnul
The Shining One

Shops:
D:4 (


Innate Abilities, Weirdness & Mutations

You are immune to sickness and miasma.
Your stone body is resilient. (AC +5)
You are immune to poison.
You resist negative energy. (rN+)
You are resistant to electric shocks. (rElec)
You are resistant to unholy torment.
You are immune to petrification.


Message History

As you read the scroll labelled JABLIC JASCHAUKOE, it dissolves into smoke.
It was a scroll of fog.
Unknown command.
D - a scroll of immolation You open the door.
There is an open door here.
Found a stone staircase leading down.
Found a dagger.
No target in view!
No target in view!
No target in view!
Found a ring mail.
An ogre comes into view. It is wielding a +0 giant spiked club.
An ogre is nearby!
The ogre shouts!
You hear a shout! x2
A gnoll comes into view. It is wielding a +0 halberd.
A gnoll comes into view. It is wielding a +0 club.
You hit the ogre.
The ogre is lightly wounded.
The ogre closely misses you.
You hit the ogre but do no damage.
The ogre is lightly wounded.
You hit the ogre.
The ogre is lightly wounded.
The ogre hits you with a +0 giant spiked club!!
You hit the ogre but do no damage.
The ogre is lightly wounded.
You hit the ogre but do no damage.
The ogre is lightly wounded.
The ogre hits you with a +0 giant spiked club!!
* * * LOW HITPOINT WARNING * * *
You block the gnoll's attack.
You are too injured to fight recklessly!
You are too injured to fight recklessly!
Unknown command.
You hit the ogre.
The ogre is moderately wounded.
A gnoll comes into view. It is wielding a +0 spear.
The ogre hits you with a +0 giant spiked club!!
You die...

....# ....# .....
....# .... ....#
... ....# .. #####
# #. ##########
.##.##.##.#..#....
..g..............[
......)gO@........
.......g.......>..
####
.###'####...##'##
...## # #...##..#
....# #.......#
....# .#.......#
....# ...'.......#
...##
...########.#
#'###############
#.#########


You could see an ogre and 3 gnolls.

Vanquished Creatures
  Grinder (D:4)
  2 black bears
  2 ogres
  A phantom (D:5)
  Blork the orc (D:4)
  A gnoll sergeant (D:5)
  A scorpion (D:4)
  An orc priest (D:4)
  2 jellies (D:5)
  An iguana (D:4)
  A sleepcap (D:4)
  Jessica (D:2)
  7 gnolls
  7 adders
  An ufetubus (D:4)
  2 dart slugs (D:3)
  2 worms
  4 orcs
  6 ball pythons
  6 endoplasms
  2 giant cockroaches
  9 goblins
  6 hobgoblins
  6 jackals
  A quokka (D:1)
  3 bats
  7 frilled lizards
  5 kobolds
  4 rats
93 creatures vanquished.

Notes
Turn   | Place    | Note
-------+----------+-------------------------------------------
     0 | D:1      | Newt the Gargoyle Fighter began the quest for the Orb.
     0 | D:1      | Reached XP level 1. HP: 14/14 MP: 1/1
   226 | D:1      | Reached XP level 2. HP: 14/20 MP: 2/2
   262 | D:1      | Reached skill level 4 in Fighting
   700 | D:1      | Reached XP level 3. HP: 20/24 MP: 3/3
  1367 | D:2      | Reached skill level 5 in Fighting
  1530 | D:2      | Reached XP level 4. HP: 31/31 MP: 4/4
  1699 | D:2      | Noticed Jessica
  1705 | D:2      | Killed Jessica
  2172 | D:3      | Found a glowing golden altar of the Shining One.
  2214 | D:3      | Reached XP level 5. HP: 32/35 MP: 5/5
  2558 | D:4      | Reached XP level 6. HP: 34/40 MP: 6/6
  2669 | D:4      | Reached skill level 5 in Armour
  2692 | D:4      | Noticed Grinder
  2715 | D:4      | Killed Grinder
  2716 | D:4      | Reached skill level 5 in Shields
  2716 | D:4      | Reached XP level 7. HP: 42/44 MP: 7/7
  2844 | D:4      | Found Usku's Antique Weapon Shoppe.
  2881 | D:4      | Noticed Blork the orc
  2892 | D:4      | Killed Blork the orc
  3143 | D:4      | Reached skill level 6 in Fighting
  3384 | D:5      | Entered Level 5 of the Dungeon
  3397 | D:5      | Reached XP level 8. HP: 26/52 MP: 8/8
  3597 | D:5      | Reached skill level 7 in Fighting
  3693 | D:5      | Found a basalt altar of Yredelemnul.
  3693 | D:5      | Found a shimmering blue altar of Sif Muna.
  3984 | D:5      | Reached skill level 8 in Fighting
  4002 | D:5      | Reached skill level 1 in Spellcasting
  4190 | D:5      | Slain by an ogre

Illustrated notes

Levels and vault maps discovered:
D:1:      dpeg_arrival_arbitrary_a, layout_loops_corners, chequers_big_river,
          dreamdust_wishing_well, serial_bayou_pond_a
D:2:      layout_rooms, uniq_jessica
D:3:      layout_basic, nicolae_tso_carved_into_rock, serial_forest,
          infiniplex_forest_corner_2, infiniplex_forest_lined_2,
          infiniplex_forest_zigzag_1, infiniplex_forest_lined_corner,
          infiniplex_forest_end_2, infiniplex_forest_lined_3_way,
          infiniplex_forest_lined_ring
D:4:      layout_gridville, serial_shops, shop, uniq_blork_the_orc, uniq_grinder
D:5:      layout_gridville, nicolae_dithmenos_the_darkroom,
          nicolae_overflow_squiral

Skill      XL: |  1  2  3  4  5  6  7  8 |
---------------+-------------------------+-----
Fighting       | 4 5 6 8 |  8.0
Maces & Flails | 3 4 |  4.0
Armour         | 4 5 |  5.0
Shields        | 5 6 |  6.0
Spellcasting   | 2 |  2.0

Action                     |  1- 3 |  4- 6 |  7- 9 || total
---------------------------+-------+-------+-------++-------
  Melee: Flail             |    89 |       |       ||    89
         Whip              |    32 |   126 |   139 ||   297
    Use: Scroll            |     6 |     3 |     7 ||    16
         Potion            |       |     2 |     2 ||     4
 Armour: Scale mail        |    73 |    30 |   105 ||   208
  Dodge: Dodged            |    48 |    62 |    57 ||   167
  Block: Buckler           |    26 |    24 |    43 ||    93

Table legend: (Time is in decaauts)
 A = Elapsed time spent in this place.
 B = Non-inter-level travel time spent in this place.
 C = Inter-level travel time spent in this place.
 D = Time resting spent in this place.
 E = Time spent auto-exploring this place.
 F = Levels seen in this place.
 G = Mean time per level.
                   A        B        C        D        E       F      G
               +--------+--------+--------+--------+--------+-----+--------+
         Total |   4197 |   4073 |    124 |    449 |   2792 |   5 |  839.4 |
       Dungeon |   4197 |   4073 |    124 |    449 |   2792 |   5 |  839.4 |
               +--------+--------+--------+--------+--------+-----+--------+

Top non-repeatable levels by time:
     D:1: 1354 daAuts
     D:4: 1045 daAuts
     D:5: 797 daAuts
     D:3: 563 daAuts
     D:2: 437 daAuts
